Cogmind - Beta 16 --- EXPLORER MODE // 2026.01.20 @ 11:52:42 Player: K.K.Y. Result: Destroyed by 1B-YK2(R) with Subdweller Machine Gun Performance ------------- Evolutions (0) 0 Regions Visited (3) 600 Robots Destroyed (25) 125 Value Destroyed (532) 532 Prototype IDs (0) 0 Alien Tech Used (0) 0 Bonus (-32) -32 TOTAL SCORE: 1225 Bonus ------- Friendly Fire -32 Cogmind --------- Core Integrity 0/250 Matter 300/300 Energy 14/100 System Corruption 0% Temperature Cool (0) Movement Core (200) Ox3 Location -10/Subcaves Parts ------- > --- POWER (1) -------- (None) > --- PROPULSION (2) --- (None) > --- UTILITY (3) ------ Medium Storage Unit Structural Scanner Sensor Array > --- WEAPON (2) ------- (None) > --- INVENTORY (10) --- Light Nuclear Core Light Nuclear Core Improved Heat Sink High-capacity Storage Unit Sensor Array Improved Terrain Scanner Light Armor Plating Riot Gun Mining Laser Peak State ------------ > --- POWER ------------ Light Nuclear Core > --- PROPULSION ------- Light Treads Light Treads > --- UTILITY ---------- Medium Storage Unit Structural Scanner Sensor Array > --- WEAPON ----------- Medium Laser Particle Gun > --- INVENTORY -------- Light Nuclear Core Light Nuclear Core Improved Heat Sink High-capacity Storage Unit Sensor Array Improved Terrain Scanner Light Armor Plating Riot Gun Riot Gun Mining Laser [Rating: 13] Favorites ----------- Power Light Nuclear Core Engine Ion Engine Power Core Light Nuclear Core Propulsion Light Treads Treads Light Treads Utility Sensor Array Device Sensor Array Storage Medium Storage Unit Protection Light Armor Plating Weapon Medium Laser Energy Gun Medium Laser Special Weapon Mining Laser Build | -11 -10 -10 -10 ------- Run | Yrd Mat Min Sub Slots Evolved 1 | . 1 . . Power . | . . . . Propulsion . | . . . . Utility 1 | . 1 . . Weapon . | . . . . Parts Attached 18 | 6 9 . 3 Power 2 | 1 1 . . Engine 1 | 1 . . . Core 1 | . 1 . . Reactor . | . . . . Propulsion 3 | 2 1 . . Treads 3 | 2 1 . . Leg . | . . . . Wheel . | . . . . Hover . | . . . . Flight . | . . . . Utility 7 | 1 6 . . Device 4 | . 4 . . Storage 1 | . 1 . . Processor . | . . . . Hackware . | . . . . Protection 2 | 1 1 . . Artifact . | . . . . Weapon 6 | 2 1 . 3 Energy Gun 5 | 2 . . 3 Energy Cannon . | . . . . Ballistic Gun . | . . . . Ballistic Cannon . | . . . . Launcher . | . . . . Special Weapon 1 | . 1 . . Impact Weapon . | . . . . Slashing Weapon . | . . . . Piercing Weapon . | . . . . Special Melee Weapon . | . . . . Unidentified Prototypes . | . . . . Parts Lost 5 | . . . 5 Power 1 | . . . 1 Propulsion 2 | . . . 2 Utility . | . . . . Weapon 2 | . . . 2 Highest Loss Streak 4 | . . . 4 To Critical Strikes 1 | . . . 1 Average Backups 7 | 1 5 9 9 Power 1 | . . 1 2 Propulsion . | . . 1 . Utility 4 | . 3 5 5 Weapon 1 | . 1 1 1 Tool/Special . | . . . . Unused Backups 7 | . . . 7 Power 2 | . . . 2 Propulsion . | . . . . Utility 4 | . . . 4 Weapon 1 | . . . 1 Tool/Special . | . . . . Average Slot Usage (%) 97 | . 94 100 98 Core 10 | . 9 12 11 Treads 24 | . 24 25 24 Device 25 | . 26 25 25 Storage 8 | . 2 12 12 Energy Gun 24 | . 24 25 22 Peak Build Rating 13 | 6 12 11 13 Average Rating 11 | 4 10 11 12 On Entrance 7 | . 6 11 11 Avg Prop Armor Cover (%) . | . . . . Naked Turns . | . . . . Heaviest Build 22 | 11 20 20 22 Greatest Support 40 | 40 40 40 40 Greatest Overweight (x) . | . . . . Average Overweight (x) . | . . . . Largest Inventory Capacity 10 | 5 10 10 10 Average Capacity 8 | 5 6 10 10 Most Carried 10 | 5 8 10 10 Average Carried 7 | 1 5 9 9 Final Capacity 10 | 5 10 10 10 Final Carried 10 | 3 8 10 9 Class Distribution -------------------- 100% | Hacker-Mutant Dominant Class ---------------- Hacker-Mutant | -10/Materials Hacker-Mutant | -10/Mines Hacker-Mutant | -10/Subcaves Resources | -11 -10 -10 -10 ----------- Run | Yrd Mat Min Sub Matter Collected 475 | 260 140 . 75 Remotely . | . . . . Salvage Created 954 | 98 540 216 100 Parts 39 | 5 22 10 2 Haulers Intercepted 2 | . 2 . . Recyclers Shooed . | . . . . Parts Field Recycled . | . . . . Retrieved Matter . | . . . . Parts Self-Destructed . | . . . . Prevented . | . . . . Parts Restored . | . . . . Kills | -11 -10 -10 -10 ------- Run | Yrd Mat Min Sub Combat Hostiles Destroyed 16 | . 8 6 2 Guns 16 | . 8 6 2 Classes Destroyed 9 | 2 5 . 2 Tunneler 1 | 1 . . . Hauler 2 | . 2 . . Recycler 3 | 1 2 . . Mechanic 1 | . 1 . . Watcher 1 | . 1 . . Swarmer 6 | . 4 2 . Grunt 8 | . 4 4 . Subdweller 2 | . . . 2 Zionite 1 | . . . 1 Best Kill Streak 4 | 2 4 2 2 Combat Bots Only 4 | . 4 2 2 Max Kills in Single Turn 2 | 1 2 2 1 Gunslinging 1 | . 1 1 . Exploded . | . . . . Melee . | . . . . Uniques/NPCs Destroyed . | . . . . Combat | -11 -10 -10 -10 -------- Run | Yrd Mat Min Sub Hostile Shots Fired 123 | . 39 27 57 Missed 42 | . 14 13 15 Hits 81 | . 25 14 42 Projectile 81 | . 25 14 42 Critical Strikes 1 | . . . 1 Damage Taken 936 | . 259 102 575 Core 262 | . 80 11 171 Absorbed by Shields . | . . . . Ignored by Resistances 547 | . 165 67 315 Core Remaining (%) 100 | 100 . . . Volleys Fired 76 | 4 42 13 17 Largest 2 | 2 2 2 2 Hottest 150 | 90 150 90 150 Shots Fired 150 | 8 84 26 32 Gun 144 | 8 83 26 27 Cannon . | . . . . Launcher . | . . . . Special 6 | . 1 . 5 Kinetic . | . . . . Thermal 146 | 8 84 26 28 Explosive . | . . . . Electromagnetic 4 | . . . 4 Robot Hit Streak 25 | 3 25 24 24 Robot Miss Streak 2 | 1 2 1 1 Penetration Max . | . . . . Secondary Targets 7 | . 3 3 1 Max Gunslinging Chain 1 | . 1 1 1 Shots Hit Robots 121 | 6 70 23 22 Core Hits 44 | 3 23 12 6 Critical Kills . | . . . . Critical Parts Destroyed . | . . . . Critical Strikes 4 | . 2 2 . Burn 4 | . 2 2 . Melee Attacks . | . . . . Impact . | . . . . Slashing . | . . . . Piercing . | . . . . Sneak Attacks . | . . . . Combat Hostiles . | . . . . Follow-up Attacks . | . . . . Damage Inflicted 1450 | 74 824 266 286 Guns 1450 | 74 824 266 286 Cannons . | . . . . Explosions . | . . . . Melee . | . . . . Ramming . | . . . . Kinetic . | . . . . Thermal 1367 | 74 824 266 203 Explosive . | . . . . Electromagnetic 83 | . . . 83 Impact . | . . . . Slashing . | . . . . Piercing . | . . . . Highest Corruption . | . . . . Average Corruption . | . . . . Corruption Purged . | . . . . Corruption Blocked . | . . . . Overload Shots . | . . . . Overflow Damage . | . . . . Projectiles . | . . . . Explosions . | . . . . Melee . | . . . . Knockbacks . | . . . . Impact . | . . . . Kinetic . | . . . . Secondary . | . . . . Self-Inflicted Damage . | . . . . Shots . | . . . . Rammed . | . . . . Targets Rammed . | . . . . Kicked . | . . . . Crushed . | . . . . Highest Temperature 366 | 117 356 366 12 Average Temperature 140 | 51 162 148 6 Received Heat Transfer 378 | . 120 84 174 Effects 2 | . 2 . . Energy Bleed 2 | . 2 . . Siege Activations . | . . . . Martial Activations . | . . . . Shielding Activations . | . . . . Robots Disrupted . | . . . . Combat Hostiles . | . . . . Robots Corrupted . | . . . . Combat Hostiles . | . . . . Parts Fried . | . . . . Impact Corruptions . | . . . . Robots Melted . | . . . . Combat Hostiles . | . . . . Parts Melted 7 | 1 4 2 . Heat Transferred 3962 | 198 2354 855 555 Parts Sabotaged . | . . . . Parts Stolen . | . . . . Parts Stripped . | . . . . Power Chain Reactions . | . . . . Alert | -11 -10 -10 -10 ------- Run | Yrd Mat Min Sub Maximum Alert Level . | . . . . Low Security (%) 100 | 100 100 100 . Level 1 . | . . . . Level 2 . | . . . . Level 3 . | . . . . Level 4 . | . . . . Level 5 . | . . . . High Security . | . . . . Max Security . | . . . . Peak Influence 85 | 5 85 50 . Initial . | . . . . Average 5 | 1 7 4 . Influence Increases 423 | 10 263 150 . Destroy 0b10 Robot/C 280 | . 160 120 . Destroy 0b10 Robot/NC 40 | 10 30 . . Destroy Leader 76 | . 46 30 . Successful Hack 23 | . 23 . . Disable Machine 4 | . 4 . . Influence Decreases 423 | 10 263 150 . Time Decay 423 | 10 263 150 . Squads Dispatched 1 | . 1 . . Investigation 1 | . 1 . . Extermination . | . . . . Reinforcement . | . . . . Assault . | . . . . Garrison . | . . . . Intercept . | . . . . Searches Triggered . | . . . . Construction Impeded . | . . . . Haulers Reinforced . | . . . . Active Scanning Responses . | . . . . Cargo Convoy Interrupts . | . . . . Stealth | -11 -10 -10 -10 --------- Run | Yrd Mat Min Sub Distress Signals . | . . . . Communications Jammed . | . . . . Distress Signals . | . . . . Times Spotted 29 | . 19 6 4 Peak Tracking Total 4 | . 4 2 2 Tactical Retreats . | . . . . Traps | -11 -10 -10 -10 ------- Run | Yrd Mat Min Sub Traps Triggered 4 | . 3 . 1 Indirectly . | . . . . Trap Hack Attempts . | . . . . Triggered . | . . . . Disarmed . | . . . . Reprogrammed 1 | . 1 . . Reused . | . . . . Traps Extracted . | . . . . Installed . | . . . . Triggered . | . . . . Machines | -11 -10 -10 -10 ---------- Run | Yrd Mat Min Sub Machines Disabled 1 | . 1 . . Max in Single Turn 1 | . 1 . . Machines Repaired . | . . . . Machines Dismantled . | . . . . Machines Sabotaged . | . . . . Overloaded Fab Kills . | . . . . Hacking | -11 -10 -10 -10 --------- Run | Yrd Mat Min Sub Machines Accessed 7 | . 6 . 1 Terminals 4 | . 4 . . Fabricators . | . . . . Repair Stations . | . . . . Recycling Units 2 | . 2 . . Scanalyzers . | . . . . Garrison Access . | . . . . Total Hacks 30 | . 26 . 4 Successful 22 | . 18 . 4 Failed 8 | . 8 . . Catastrophic . | . . . . Database Lockouts . | . . . . Manual 22 | . 22 . . Terminals 21 | . 21 . . Fabricators . | . . . . Repair Stations . | . . . . Recycling Units 5 | . 5 . . Scanalyzers . | . . . . Garrison Access . | . . . . Terminal Hacks 14 | . 10 . 4 Record 4 | . . . 4 Part Schematic 9 | . 9 . . Reprogram Traps 1 | . 1 . . Fabricator Hacks . | . . . . Repair Station Hacks . | . . . . Recycling Unit Hacks 3 | . 3 . . Retrieve Components 3 | . 3 . . Scanalyzer . | . . . . Garrison Access Hacks . | . . . . Unauthorized Hacks 5 | . 5 . . Terminals 3 | . 3 . . Botnet 3 | . 3 . . Fabricators . | . . . . Repair Stations . | . . . . Recycling Units 2 | . 2 . . Reject 2 | . 2 . . Scanalyzers . | . . . . Garrison Access . | . . . . Data Cores Recovered . | . . . . Used . | . . . . Hacking Detections 4 | . 4 . . Full Trace Events 3 | . 3 . . Feedback Events . | . . . . Feedback Blocked . | . . . . Robot Schematics Acquired . | . . . . Robots Built . | . . . . Authchips . | . . . . Time . | . . . . Total Robot Build Rating . | . . . . Part Schematics Acquired 9 | . 9 . . Parts Built . | . . . . Authchips . | . . . . Time . | . . . . Total Part Build Rating . | . . . . Part Studies Acquired . | . . . . Parts Repaired . | . . . . Time . | . . . . Parts Recycled . | . . . . Recycled Matter . | . . . . Retrieved Matter . | . . . . Retrieved Components 9 | . 9 . . Parts Scanalyzed . | . . . . Part Schematics Acquired . | . . . . Parts Damaged . | . . . . Bothacking | -11 -10 -10 -10 ------------ Run | Yrd Mat Min Sub Used RIF Installer . | . . . . Robots Hacked . | . . . . Non-combat . | . . . . Combat . | . . . . Robot Hacks Applied . | . . . . Relay Couplers Released . | . . . . Fabnet Peak Effective % . | . . . . Robots Rewired . | . . . . Allies Hacked . | . . . . Hacks Repelled . | . . . . Allies | -11 -10 -10 -10 -------- Run | Yrd Mat Min Sub Total Allies . | . . . . Largest Group . | . . . . Highest-Rated Group . | . . . . Highest-Rated Ally . | . . . . Total Orders . | . . . . Ally Attacks . | . . . . Total Damage . | . . . . Kills . | . . . . Allies Corrupted . | . . . . Allies Melted . | . . . . Intel | -11 -10 -10 -10 ------- Run | Yrd Mat Min Sub Active Infowar (turns) 3650 | . 1132 1071 1447 Sensors 3645 | . 1127 1071 1447 Structural 3371 | . 853 1071 1447 Robot Analysis Total . | . . . . Derelict Logs Recovered 2 | . . 2 . Drone Launches . | . . . . Drone Recoveries . | . . . . Exploration | -11 -10 -10 -10 ------------- Run | Yrd Mat Min Sub Turns Passed 3900 | 88 1294 1071 1447 Spaces Moved 1888 | 57 699 633 499 Core 26 | 26 . . . Treads 1862 | 31 699 633 499 Legs . | . . . . Wheels . | . . . . Hover . | . . . . Flight . | . . . . Fastest Speed 50 | 50 160 160 160 Average Speed 158 | 109 160 160 160 Slowest Speed 160 | 160 160 160 160 Overloaded Moves . | . . . . Propulsion Burnouts . | . . . . Robots Hopped . | . . . . Potential Cave-ins . | . . . . Cave-ins Triggered . | . . . . Exploration Rate (%) 58 | 3 99 97 34 Regions Visited 3 Branch Regions 2 Pre-discovered Areas 1 | . . 1 . Known Exits Taken 3 | 1 1 1 . Unknown Exits Taken . | . . . . Scrap Searched 1 | . . 1 . Spaces Dug 1 | . . . 1 Terrain Destroyed 1 | . . . 1 Melee . | . . . . Projectile 1 | . . . 1 AOE . | . . . . Terrain Rammed . | . . . . Walls Destroyed . | . . . . Machines Disabled . | . . . . Actions | -11 -10 -10 -10 --------- Run | Yrd Mat Min Sub Total 2630 | 74 786 665 1105 Wait 608 | . 17 18 573 Move 1885 | 56 698 632 499 Hop . | . . . . Pick Up 22 | 8 9 2 3 Fast Attach 10 | 1 8 . 1 Attach 7 | 5 1 . 1 Detach . | . . . . Swap 11 | . 5 . 6 Drop 11 | . 6 . 5 Fire 76 | 4 42 13 17 Melee . | . . . . Ram . | . . . . Kick . | . . . . Crush . | . . . . Escape Stasis . | . . . . Rewire . | . . . . Trap . | . . . . Miscellaneous . | . . . . Route ------- -11/Scrapyard -10/Materials (discovered 5 exits: *Mat x3 / *Min x2) -10/Mines (discovered 3 exits: *Mat x2 / *Sub) -10/Subcaves (discovered 2 exits: *Mat / Rec) History --------- Turn | Location | Event 2 | -11/Scrapyard | Met Revision 17 3 | -11/Scrapyard | Identified exit to Materials 3 | -11/Scrapyard | Discovered exit to Materials (range 16) 89 | -11/Scrapyard | Entered Materials 89 | -10/Materials | Evolved 1 slot: Utility x1 324 | -10/Materials | Build established: Hacker-Mutant 502 | -10/Materials | Identified exit to Mines 502 | -10/Materials | Discovered exit to Mines (range 8) 730 | -10/Materials | Identified exit to Materials 730 | -10/Materials | Discovered exit to Materials (range 4) 884 | -10/Materials | Discovered exit to Materials (range 13) 1181 | -10/Materials | Discovered exit to Mines (range 11) 1325 | -10/Materials | Discovered exit to Materials (range 5) 1383 | -10/Materials | Entered Mines 1414 | -10/Mines | Discovered exit to Materials (range 13) 1636 | -10/Mines | Learned location of 1 exit from Materials 1794 | -10/Mines | Discovered exit to Materials (range 7) 1844 | -10/Mines | Learned location of Mines (-9) 1983 | -10/Mines | Identified exit to Subcaves 1983 | -10/Mines | Discovered exit to Subcaves (range 12) 2454 | -10/Mines | Entered Subcaves 3117 | -10/Subcaves | Visited Clippyterm 3122 | -10/Subcaves | Learned 40 Factory zone layouts 3422 | -10/Subcaves | Shifting Twisted Machinery released Riot Gun 3425 | -10/Subcaves | Shifting Twisted Machinery released Riot Gun 3551 | -10/Subcaves | Identified exit to Recycling 3551 | -10/Subcaves | Discovered exit to Recycling (range 15) 3659 | -10/Subcaves | Shifting Twisted Machinery released Battle Rifle 3662 | -10/Subcaves | Identified exit to Materials 3662 | -10/Subcaves | Discovered exit to Materials (range 9) 3672 | -10/Subcaves | Shifting Twisted Machinery released Hvy. Riot Gun 3672 | -10/Subcaves | Shifting Twisted Machinery released Sub. Power Source 3800 | -10/Subcaves | Core integrity fell below 50% 3893 | -10/Subcaves | Core integrity fell below 20% 3901 | -10/Subcaves | Destroyed by 1B-YK2(R) with Subdweller Machine Gun Last Messages --------------- 03790_ 5D-QUA(R) destroyed. 03790_ Switching to secondary target: O6-5HB(R). 03792_ O6-5HB(R) affixes Scrap Shield Fragment to Scrap Shield. 03798_ Subatomizers dissect the Sub. Monowheel. 03799_ O6-5HB(R) destroyed. 03802_ Acquired 35 matter. 03803_ Acquired 10 matter. 03809_ Subatomizers dissect the Sub. Monowheel. 03813_ Dropped Particle Gun. 03814_ Dropped Med. Laser. 03814_ Acquired Riot Gun. 03819_ Subatomizers dissect the Sub. Monowheel. 03833_ Acquired 20 matter. 03873_ Critical hit (Destroy). 03873_ Lgt. Treads destroyed. 03888_ TC-YLS(R) IFF system glitched. 03889_ Riot Gun destroyed. 03900_ Hvy. Riot Gun destroyed. Map ----- +----------------------------------------------------+ | ?????????????????????????????????????????????????? | | ?????????????????????????????????????????????????? | | ?????????????????????????????????????????????????? | | ?????????????????????????????????????????????????? | | ?????????????????????????????????????????????????? | | ?????????????????????????????????????????????????? | | ?????????????????????????????????????????????????? | | ?????????????????????????????????????????????????? | | ?????????????????????????????????????????????????? | | ?????????????????????????????????????????????????? | | ?????????????????????????????????????????????????? | | ?????????????????????????????????????????????????? | | ?????????????????????????????????????????????????? | | ?????????????????????????????????????????????????? | | ????????????????????????????????###??????????????? | | ????????????????????????????"?"""###?????????????? | | ?????????????????????????? """"""####????????????? | | ??????????????????????????"" # ## ????????????? | | ??????????????????????????" ????????????? | | ?????????????????????????? # # ??????????????? | | ?????????????????????????# % "##??????????????? | | ?????????????????????????## "##??????????????? | | ????????????????????????### ##????????????????? | | ???????????????????????####RR ###???????????????? | | ???????????????????????### ####??????????????? | | ??????????????????????###@ % #####????????????? | | ?????????????????????#### ####????????????? | | ????????????????????#### % ##????????????? | | ???????????????????#### ##????????????? | | ?????????????####??### ##????????????? | | ?????????????### #### % ###????????????? | | ?????????????#" ##### % #####????????????? | | ?????????????#" ## ####?????????????? | | ???#####????###""### ##???????????????? | | ??########??###"""## ### ##???????????????? | | ??### ####??##""""## #### ###??????????????? | | #### # ##?####" ## ######? % ###?????????????? | | ###### ###### " ######?? ##?????????????? | | #### ##### "* ##### ? ##?????????????? | | #### ### =% #####? ## ##?????????????? | | ## & "##?" ## ##?????????????? | | "" "### ###???# ""##????????????? | | ##### """ ""*""#####"""###?????"""##????????????? | | ######""""""""["##########??????? ###????????????? | | ???######## " " #########???????????????????????? | | ????####### [""########??????????????????????????? | | ?????????## "####"""##??????????????????????????? | | ?????????###" "## <"###??????????????????????????? | | ?????????### ##" ###?? ##??????????????????????? | | ?????????###"[" ####?? #"??????????????????????? | +----------------------------------------------------+ Best States ------------- Heat Dissipation 39 Energy Generation 14 Energy Capacity 250 Matter Stores 300 Matter Capacity 300 Sight Range 16 Robot Scan Range 14 Terrain Scan Density 10 Armor Coverage 300 Resistance: KI 35 Resistance: TH 35 Resistance: EX 35 Resistance: EM 35 Resistance: I 35 Resistance: S 35 Resistance: P 35 Evasion (%) 50 Recoil Reduction 2 Offensive Hacking 20 Item Schematics ----------------- Sml. Storage Unit | -10/Materials | Hacked Med. Storage Unit | -10/Materials | Hacked Lrg. Storage Unit | -10/Materials | Hacked Hcp. Storage Unit | -10/Materials | Hacked Huge Storage Unit | -10/Materials | Hacked Cargo Storage Unit | -10/Materials | Hacked Mining Laser | -10/Materials | Hacked Sensor Array | -10/Materials | Hacked Structural Scanner | -10/Materials | Hacked Robot Schematics ------------------ None Fabricated ------------ Nothing Repaired ---------- Nothing Studied --------- None Alien Tech Used ----------------- None Achievements -------------- None Challenges ------------ None Game ------ Seed PulseAblativeJets Manual? 0 Play Time 00:13:31 Cumulative 293.3 hours Start 2026.01.20 @ 11:39:24 End 2026.01.20 @ 11:52:42 Sessions 1 Manual Loads 0 Difficulty Explorer Special Mode None Game No. 453 Rogue 0 Adventurer 0 Explorer 453 Win Type - Total 0 Types 0/0/0/0/0/0/0/0/0/0 Lore% 76 Gallery% 70 Achievement% 55 Wizard Run 0 Options --------- Layout 1 ASCII 0 Keyboard 0 Movement Mouse Keybinds 1 Fullscreen 1 Font 24/Smallcaps Map View 50x35 Zoom Use 0% Tactical HUD 1 Map Filters NONE Filters NONE Steam 1 RUN: 23b24f87-00d2-44c6-a463-b9038472d981